MLB
OAKLAND ATHLETICS @ SEATTLE MARINERS
07/11/2020
 
TOP OF THE 1ST
Oakland Athletics batting - Pitching for Seattle Mariners : LHP Justus Sheffield
Pitching: LHP Justus Sheffield
Batting: RHB Ramon Laureano 0-0: Ball
1-0: Called Strike
1-1: Foul Ball, location: 2F
1-2: Fly out, F8 (Flyball, 8RD, EV 100.0 MPH)
Batting: RHB Marcus Semien 0-0: SOLO HOME RUN (Flyball, 7D, EV 111.3 MPH), Distance : 410 ft
Batting: LHB Matt Olson 0-0: Foul Ball, location: 2F
0-1: Called Strike
0-2: Foul Ball, location: 2F
0-2: Ball
1-2: Strikes out looking
Batting: RHB Matt Chapman 0-0: DOUBLE (Line Drive, 7LS, EV 96.9 MPH)
Batting: RHB Mark Canha 0-0: Fly out, F8 (Flyball, 8RM, EV 88.1 MPH)
Top of the 1st over - 1 run, 2 hits, 0 errors, 1 left on base; Oakland 1 - Seattle 0
BOTTOM OF THE 1ST
Seattle Mariners batting - Pitching for Oakland Athletics : RHP Frankie Montas
Pitching: RHP Frankie Montas
Batting: LHB Mallex Smith 0-0: Ground out 6-3 (Groundball, 6M, EV 100.0 MPH)
Batting: LHB Shed Long Jr. 0-0: Ball
1-0: Ball
2-0: SINGLE (Line Drive, 89S, EV 91.3 MPH)
Batting: LHB Yonder Alonso 0-0: Ball
1-0: Called Strike
1-1: Ball
2-1: Swinging Strike
2-2: Ball
3-2: Foul Ball, location: 2F
3-2: Strikes out looking
Batting: RHB Mitch Haniger 0-0: Ball
1-0: Ball
2-0: Called Strike
2-1: Ball
3-1: Called Strike
3-2: Base on Balls
Shed Long Jr. to second
Batting: LHB Kyle Seager 0-0: Ball
1-0: Called Strike
1-1: Swinging Strike
1-2: SINGLE (Line Drive, 89S, EV 95.0 MPH)
Shed Long Jr. to third
Mitch Haniger to second
Runner from 3rd tries for Home, SAFE, throw by RF to home
Batting: LHB J.P. Crawford 0-0: Ball
1-0: Fielders Choice at 2nd, 6-4 (Groundball, 6, EV 86.3 MPH)
Bottom of the 1st over - 1 run, 2 hits, 0 errors, 2 left on base; Oakland 1 - Seattle 1
TOP OF THE 2ND
Oakland Athletics batting - Pitching for Seattle Mariners : LHP Justus Sheffield
Batting: RHB Stephen Piscotty 0-0: Ball
1-0: Reached on error, E6 (Groundball, 6, EV 110.0 MPH)
Batting: RHB Franklin Barreto 0-0: Ball
1-0: Ball
2-0: Swinging Strike
2-1: Swinging Strike
2-2: Ball
3-2: Strikes out looking
Batting: RHB Sheldon Neuse 0-0: Ball
1-0: Foul Ball, location: 2F
1-1: Foul Ball, location: 2F
1-2: Ball
2-2: Strikes out swinging
Batting: RHB Russell Martin 0-0: Called Strike
0-1: Ball
1-1: Foul Ball, location: 2F
1-2: Ball
2-2: Ball
3-2: Base on Balls
Stephen Piscotty to second
Batting: RHB Ramon Laureano 0-0: Fly out, F6 (Popup, 6D, EV 56.3 MPH)
Top of the 2nd over - 0 runs, 0 hits, 1 error, 2 left on base; Oakland 1 - Seattle 1
BOTTOM OF THE 2ND
Seattle Mariners batting - Pitching for Oakland Athletics : RHP Frankie Montas
Batting: RHB Austin Nola 0-0: Ball
1-0: Ball
2-0: Fly out, F8 (Line Drive, 8LM, EV 90.0 MPH)
Batting: RHB Braden Bishop 0-0: Ball
1-0: Ball
2-0: Swinging Strike
2-1: Called Strike
2-2: Ball
3-2: Strikes out swinging
Batting: LHB Dee Gordon 0-0: Foul Ball, location: 2F
0-1: Ball
1-1: Called Strike
1-2: Ball
2-2: Ball
3-2: Ground out 3-1 (Groundball, 3S, EV 68.8 MPH)
Bottom of the 2nd over - 0 runs, 0 hits, 0 errors, 0 left on base; Oakland 1 - Seattle 1
TOP OF THE 3RD
Oakland Athletics batting - Pitching for Seattle Mariners : LHP Justus Sheffield
Batting: RHB Marcus Semien 0-0: Fly out, F9 (Flyball, 9D, EV 98.1 MPH)
Batting: LHB Matt Olson 0-0: SINGLE (Line Drive, 78S, EV 100.6 MPH)
Batting: RHB Matt Chapman 0-0: Ball
1-0: Grounds into double play, 6-4-3 (Groundball, 56, EV 100.6 MPH)
Top of the 3rd over - 0 runs, 1 hit, 0 errors, 0 left on base; Oakland 1 - Seattle 1
BOTTOM OF THE 3RD
Seattle Mariners batting - Pitching for Oakland Athletics : RHP Frankie Montas
Batting: LHB Mallex Smith 0-0: Ball
1-0: Ball
2-0: Called Strike
2-1: DOUBLE (Line Drive, 8LD, EV 100.6 MPH)
Batting: LHB Shed Long Jr. 0-0: Ball
1-0: Called Strike
1-1: Fly out, F6 (Flyball, 56D, EV 85.0 MPH)
Batting: LHB Yonder Alonso 0-0: Called Strike
Mallex Smith steals 3rd base
0-1: Foul Ball, location: 2F
0-2: Strikes out swinging
Batting: RHB Mitch Haniger 0-0: Ball
1-0: Ball
2-0: Ball
3-0: Fly out, F5 (Line Drive, 5, EV 66.3 MPH)
Bottom of the 3rd over - 0 runs, 1 hit, 0 errors, 1 left on base; Oakland 1 - Seattle 1
TOP OF THE 4TH
Oakland Athletics batting - Pitching for Seattle Mariners : LHP Justus Sheffield
Batting: RHB Mark Canha 0-0: Called Strike
0-1: Ball
1-1: SINGLE (Flyball, 6MD, EV 93.1 MPH)
Batting: RHB Stephen Piscotty 0-0: Called Strike
0-1: SINGLE (Groundball, 13, EV 85.6 MPH) (infield hit)
Mark Canha to second
Batting: RHB Franklin Barreto 0-0: Ball
1-0: Foul Ball, location: 2F
1-1: Ball
2-1: Foul Ball, location: 2F
2-2: SINGLE (Groundball, 6MD, EV 96.9 MPH)
Mark Canha to third
Stephen Piscotty to second
Runner from 3rd tries for Home, SAFE, throw by CF to home
Batting: RHB Sheldon Neuse 0-0: Ball
1-0: Swinging Strike
1-1: Called Strike
1-2: Foul Ball, location: 2F
1-2: Ball
2-2: Foul Ball, location: 2F
2-2: Strikes out looking
Batting: RHB Russell Martin 0-0: Called Strike
0-1: Ball
1-1: 3-RUN HOME RUN (Flyball, 9D, EV 101.3 MPH), Distance : 398 ft
Pitching: RHP Erik Swanson
Batting: RHB Ramon Laureano 0-0: Ball
1-0: Ball
2-0: Ball
3-0: Called Strike
3-1: DOUBLE (Flyball, 8RXD, EV 100.0 MPH) - OUT at third base trying to stretch hit.
Batting: RHB Marcus Semien 0-0: Called Strike
0-1: Called Strike
0-2: Ground out 5-3 (Groundball, 56, EV 106.9 MPH)
Top of the 4th over - 4 runs, 5 hits, 0 errors, 0 left on base; Oakland 5 - Seattle 1
BOTTOM OF THE 4TH
Seattle Mariners batting - Pitching for Oakland Athletics : RHP Frankie Montas
Batting: LHB Kyle Seager 0-0: Foul Ball, location: 2F
0-1: Ball
1-1: Ball
2-1: Foul Ball, location: 2F
2-2: Strikes out swinging
Batting: LHB J.P. Crawford 0-0: Ball
1-0: Fly out, F6 (Popup, 6M, EV 61.9 MPH)
Batting: RHB Austin Nola 0-0: Foul Ball, location: 2F
0-1: SOLO HOME RUN (Flyball, 7D, EV 95.0 MPH), Distance : 383 ft
Batting: RHB Braden Bishop 0-0: Ball
1-0: Foul Ball, location: 2F
1-1: Called Strike
1-2: Strikes out looking
Bottom of the 4th over - 1 run, 1 hit, 0 errors, 0 left on base; Oakland 5 - Seattle 2
TOP OF THE 5TH
Oakland Athletics batting - Pitching for Seattle Mariners : RHP Erik Swanson
Batting: LHB Matt Olson 0-0: Called Strike
0-1: Foul Ball, location: 2F
0-2: Ball
1-2: Reached on error, E5 (Groundball, 5, EV 88.8 MPH)
Batting: RHB Matt Chapman 0-0: Called Strike
0-1: Foul Ball, location: 2F
0-2: Ball
1-2: Strikes out swinging
Batting: RHB Mark Canha 0-0: Called Strike
0-1: Foul Ball, location: 2F
0-2: Ball
1-2: Ball
2-2: Strikes out swinging
Batting: RHB Stephen Piscotty 0-0: Ball
1-0: Ball
2-0: Ball
3-0: Base on Balls
Batting: RHB Franklin Barreto 0-0: Called Strike
0-1: Ball
1-1: Foul Ball, location: 2F
1-2: Foul Ball, location: 2F
1-2: Strikes out swinging
Top of the 5th over - 0 runs, 0 hits, 1 error, 2 left on base; Oakland 5 - Seattle 2
BOTTOM OF THE 5TH
Seattle Mariners batting - Pitching for Oakland Athletics : RHP Frankie Montas
Batting: LHB Dee Gordon 0-0: Ball
1-0: Called Strike
1-1: SINGLE (Line Drive, 6D, EV 109.4 MPH)
Batting: LHB Mallex Smith 0-0: Ball
Dee Gordon steals 2nd base
1-0: Foul Ball, location: 2F
1-1: Ball
2-1: Ground out 1-3 (Groundball, 13, EV 70.0 MPH)
Dee Gordon to third
Batting: LHB Shed Long Jr. 0-0: Ball
1-0: Ball
2-0: Ball
3-0: Base on Balls
Batting: LHB Yonder Alonso 0-0: Ball
1-0: Ball
2-0: Fly out, F8 (Line Drive, 8RD, EV 93.1 MPH)
Runner from 3rd tags up, SCORES, throw by CF
Batting: RHB Mitch Haniger 0-0: Called Strike
0-1: Foul Ball, location: 2F
0-2: Foul Ball, location: 2F
0-2: Ball
1-2: Ball
2-2: Foul Ball, location: 2F
2-2: DOUBLE (Line Drive, 7LS, EV 96.9 MPH)
Shed Long Jr. to third
Runner from 3rd tries for Home, SAFE, throw by LF to home
Batting: LHB Kyle Seager 0-0: Ball
1-0: Ball
2-0: Ground out 6-3 (Groundball, 4M, EV 109.4 MPH)
Bottom of the 5th over - 2 runs, 2 hits, 0 errors, 1 left on base; Oakland 5 - Seattle 4
TOP OF THE 6TH
Oakland Athletics batting - Pitching for Seattle Mariners : RHP Erik Swanson
Batting: RHB Sheldon Neuse 0-0: DOUBLE (Flyball, 78XD, EV 100.6 MPH) - OUT at third base trying to stretch hit.
Batting: RHB Russell Martin 0-0: Ball
1-0: Foul Ball, location: 2F
1-1: Called Strike
1-2: Ball
2-2: Strikes out swinging
Pitching: RHP Sam Delaplane
Batting: RHB Ramon Laureano 0-0: Ball
1-0: Swinging Strike
1-1: Called Strike
1-2: Ball
2-2: Strikes out looking
Top of the 6th over - 0 runs, 1 hit, 0 errors, 0 left on base; Oakland 5 - Seattle 4
BOTTOM OF THE 6TH
Seattle Mariners batting - Pitching for Oakland Athletics : RHP Frankie Montas
Batting: LHB J.P. Crawford 0-0: Called Strike
0-1: Swinging Strike
0-2: Strikes out swinging
Pitching: LHP T.J. McFarland
Batting: RHB Austin Nola 0-0: Ground out U3 (Groundball, 34, EV 104.4 MPH)
Batting: RHB Braden Bishop 0-0: Ball
1-0: Swinging Strike
1-1: Ball
2-1: Foul Ball, location: 2F
2-2: Fly out, F9 (Line Drive, 9, EV 88.1 MPH)
Bottom of the 6th over - 0 runs, 0 hits, 0 errors, 0 left on base; Oakland 5 - Seattle 4
TOP OF THE 7TH
Oakland Athletics batting - Pitching for Seattle Mariners : RHP Sam Delaplane
Batting: RHB Marcus Semien 0-0: Ball
1-0: Ball
2-0: Called Strike
2-1: Swinging Strike
2-2: Ball
3-2: Strikes out looking
Batting: LHB Matt Olson 0-0: DOUBLE (Line Drive, 9D, EV 94.4 MPH)
Batting: RHB Matt Chapman 0-0: Called Strike
0-1: Foul Ball, location: 2F
0-2: Hit by Pitch
Pitching: RHP Sam Tuivailala
Batting: RHB Mark Canha 0-0: Ball
1-0: Swinging Strike
1-1: Foul Ball, location: 2F
1-2: Strikes out looking
Batting: RHB Stephen Piscotty 0-0: Ball
1-0: Foul Ball, location: 2F
1-1: Foul Ball, location: 2F
1-2: Strikes out looking
Top of the 7th over - 0 runs, 1 hit, 0 errors, 2 left on base; Oakland 5 - Seattle 4
BOTTOM OF THE 7TH
Seattle Mariners batting - Pitching for Oakland Athletics : LHP T.J. McFarland
Batting: LHB Dee Gordon 0-0: SINGLE (Groundball, 5S, EV 61.3 MPH) (infield hit)
Batting: LHB Mallex Smith 0-0: Called Strike
0-1: Ball
1-1: SINGLE (Line Drive, 7S, EV 100.0 MPH)
Dee Gordon to second
Batting: LHB Shed Long Jr. 0-0: Called Strike
0-1: Ball
1-1: Ball
2-1: Ground out 4-3 (Groundball, 4MD, EV 106.9 MPH)
Dee Gordon to third
Mallex Smith to second
Batting: LHB Yonder Alonso 0-0: Ground out 6-3 (Groundball, 6, EV 88.8 MPH)
Dee Gordon scores
Mallex Smith to third
Batting: RHB Mitch Haniger 0-0: Called Strike
0-1: Foul Ball, location: 2F
0-2: Ball
1-2: Ball
2-2: Ball
3-2: Foul Ball, location: 2F
3-2: Strikes out looking
Bottom of the 7th over - 1 run, 2 hits, 0 errors, 1 left on base; Oakland 5 - Seattle 5
TOP OF THE 8TH
Oakland Athletics batting - Pitching for Seattle Mariners : RHP Sam Tuivailala
Batting: RHB Franklin Barreto 0-0: Fly out, F7 (Flyball, 7LS, EV 82.5 MPH)
Batting: RHB Sheldon Neuse 0-0: Called Strike
0-1: Foul Ball, location: 2F
0-2: Foul Ball, location: 2F
0-2: Ball
1-2: Foul Ball, location: 2F
1-2: Foul Ball, location: 2F
1-2: Ball
2-2: Ball
3-2: Base on Balls
Batting: RHB Russell Martin 0-0: Ball
1-0: Ball
2-0: Called Strike
2-1: Fly out, F3 (Popup, 3S, EV 75.6 MPH)
Pitching: LHP Taylor Guilbeau
Batting: RHB Ramon Laureano 0-0: Called Strike
0-1: Ball
1-1: Ball
2-1: Ball
3-1: Base on Balls
Sheldon Neuse to second
Batting: RHB Marcus Semien 0-0: Fielders Choice at 2nd, 4-6 (Groundball, 6M, EV 105.0 MPH)
Top of the 8th over - 0 runs, 0 hits, 0 errors, 2 left on base; Oakland 5 - Seattle 5
BOTTOM OF THE 8TH
Seattle Mariners batting - Pitching for Oakland Athletics : LHP T.J. McFarland
Batting: LHB Kyle Seager 0-0: Called Strike
0-1: Ball
1-1: Foul Ball, location: 2F
1-2: Strikes out looking
Batting: LHB J.P. Crawford 0-0: Foul Ball, location: 2F
0-1: Ball
1-1: Foul Ball, location: 2F
1-2: Strikes out swinging
Batting: RHB Austin Nola 0-0: Ball
1-0: Called Strike
1-1: Ground out 6-3 (Groundball, 6, EV 88.8 MPH)
Bottom of the 8th over - 0 runs, 0 hits, 0 errors, 0 left on base; Oakland 5 - Seattle 5
TOP OF THE 9TH
Oakland Athletics batting - Pitching for Seattle Mariners : LHP Taylor Guilbeau
Batting: LHB Matt Olson 0-0: Ball
1-0: Called Strike
1-1: Hit by Pitch
Batting: RHB Matt Chapman 0-0: Called Strike
0-1: Ball
1-1: Ball
2-1: Foul Ball, location: 2F
2-2: SINGLE (Line Drive, 56D, EV 102.5 MPH)
Matt Olson to second
Batting: RHB Mark Canha 0-0: Called Strike
0-1: Swinging Strike
0-2: Ball
1-2: Ball
2-2: Fielders Choice at 2nd, 3-6 (Groundball, 34, EV 91.9 MPH)
Matt Olson to third
Batting: RHB Stephen Piscotty 0-0: Called Strike
0-1: Ball
1-1: Foul Ball, location: 2F
1-2: Fly out, F8 (Flyball, 8LM, EV 83.1 MPH)
Runner from 3rd tags up, SCORES, throw by CF
Batting: RHB Franklin Barreto 0-0: SINGLE (Groundball, P, EV 93.1 MPH) (infield hit)
Mark Canha to second
Pitching: LHP Nestor Cortes
Batting: RHB Sheldon Neuse 0-0: Ball
1-0: Ball
2-0: Ball
3-0: Base on Balls
Mark Canha to third
Franklin Barreto to second
Batting: RHB Russell Martin 0-0: Called Strike
0-1: Called Strike
0-2: Strikes out swinging
Top of the 9th over - 1 run, 2 hits, 0 errors, 3 left on base; Oakland 6 - Seattle 5
BOTTOM OF THE 9TH
Seattle Mariners batting - Pitching for Oakland Athletics : LHP T.J. McFarland
Pitching: RHP Liam Hendriks
Batting: RHB Braden Bishop 0-0: Ball
1-0: Foul Ball, location: 2F
1-1: Called Strike
1-2: Ball
2-2: SINGLE (Groundball, 56S, EV 65.6 MPH) (infield hit)
Batting: LHB Dee Gordon 0-0: Fly out, F7 (Flyball, 7LM, EV 89.4 MPH)
Batting: LHB Mallex Smith 0-0: Ball
1-0: Fly out, F8 (Flyball, 78D, EV 87.5 MPH)
Batting: LHB Shed Long Jr. 0-0: Ball
1-0: Ground out 1-3 (Groundball, 13, EV 65.0 MPH)
Bottom of the 9th over - 0 runs, 1 hit, 0 errors, 1 left on base; Oakland 6 - Seattle 5
Tuesday, July 14th, 2020 - OOTP Baseball 21.4 Build 63